 Dungeon Crawl Stone Soup version 0.25-a0-578-gc91f01c (webtiles) character file.

Game seed: 6061779466798997589, levelgen mode: deterministic

69 Faca the Skirmisher (level 4, -5/38 HPs)
             Began as a Barachi Fighter on Mar 5, 2020.
             Slain by Sigmund
             ... wielding a +2 scythe of protection
              (10 damage)
             ... on level 2 of the Dungeon.
             The game lasted 00:04:05 (1721 turns).

Faca the Skirmisher (Barachi Fighter)               Turns: 1721, Time: 00:04:06

Health: -5/38      AC:  8    Str: 19    XL:     4   Next: 20%
Magic:  4/4        EV:  7    Int:  8    God:
Gold:   71         SH:  9    Dex: 11    Spells: 3/3 levels left

rFire    . . .     SeeInvis .   a - +0 long sword
rCold    . . .     Gourm    .   c - +0 kite shield
rNeg     . . .     Faith    .   b - +0 scale mail
rPois    .         Spirit   .   m - +0 helmet
rElec    .         Reflect  .   (no cloak)
rCorr    .         Harm     .   (no gloves)
MR       .....                  (no boots)
Stlth    ..........             i - amulet of regeneration
HPRegen  0.52/turn              (no ring)
MPRegen  0.09/turn              (no ring)

@: mighty, slow
A: +LOS, swims, slowness 1, strong legs 1
a: Hop


You were on level 2 of the Dungeon.
You were hungry.

You visited 1 branch of the dungeon, and saw 2 of its levels.

You collected 71 gold pieces.

Inventory:

Hand Weapons
 a - a +0 long sword (weapon)
 j - a +2 dagger of protection
Armour
 b - a +0 scale mail (worn)
 c - a +0 kite shield (worn)
 m - a +0 helmet (worn)
Jewellery
 i - an amulet of regeneration (around neck)
Scrolls
 k - a scroll of blinking {unknown}
 n - a scroll of teleportation {unknown}
Potions
 e - 2 potions of cancellation {unknown}
 h - 2 potions of heal wounds {unknown}
 l - a potion of flight {unknown}
Comestibles
 f - 3 rations


   Skills:
 + Level 4.9 Fighting
 + Level 4.1 Long Blades
 - Level 3.6 Armour
 - Level 3.2 Shields


You had 3 spell levels left.
You didn't know any spells.
Your spell library was empty.

Dungeon Overview and Level Annotations

Branches:
Dungeon (2/15)

Altars:

Annotations:
D:2 Sigmund


Innate Abilities, Weirdness & Mutations

You can be seen from farther away. (+LOS)
You can swim through water.
You cover ground slowly.
You can hop short distances.


Message History

You closely miss something. Something hits you but does no damage.
Something hits you! Something hits you!
* * * LOW HITPOINT WARNING * * *
You bump into the rock wall.
You feel less confused.
You barely miss something.
Sigmund appears from thin air!
Reactivating autopickup.
Sigmund barely misses you.
You hit Sigmund.
Sigmund is heavily wounded.
You block Sigmund's attack.
You hit Sigmund.
Sigmund is severely wounded.
Sigmund casts a spell at you. You resist with some effort.
You hit Sigmund but do no damage.
Sigmund is severely wounded.
Sigmund hits you with a +2 scythe of protection!
You die...

########
......##############
######...............#
#........†....######.#
# #.####..#####@# #.#.#
#..# #@# ##.#.####.>###
#K#
.....................#
...#..###.............#
###.....#.######.##...#
###..#........ ..# ...#
....#_#...... ..# ..#
###..#†.#.###. ..# .#


You could see Sigmund and a kobold.

Vanquished Creatures
  Robin (D:2)
  An adder (D:2)
  A worm (D:2)
  A dart slug (D:1)
  7 bats
  10 goblins
  7 hobgoblins
  A quokka (D:2)
  4 frilled lizards (D:1)
  3 kobolds
  6 rats
42 creatures vanquished.

Notes
Turn   | Place    | Note
-------+----------+-------------------------------------------
     0 | D:1      | Faca the Barachi Fighter began the quest for the Orb.
     0 | D:1      | Reached XP level 1. HP: 18/18 MP: 1/1
   132 | D:1      | Reached XP level 2. HP: 25/25 MP: 2/2
  1211 | D:2      | Reached XP level 3. HP: 30/31 MP: 3/3
  1300 | D:2      | Noticed Robin
  1327 | D:2      | Killed Robin
  1365 | D:2      | Reached XP level 4. HP: 18/38 MP: 4/4
  1638 | D:2      | Found a faded altar of an unknown god.
  1678 | D:2      | Noticed Sigmund
  1701 | D:2      | HP: 1/38 [something (8)]
  1716 | D:2      | HP: 1/38 [something (12)]
  1721 | D:2      | Slain by Sigmund

Levels and vault maps discovered:
D:1:      ncdulo_wetmaze, layout_basic
D:2:      layout_loops_ring, chequers_ecumenical_altar_simple, uniq_robin,
          uniq_sigmund

Skill      XL: |  1  2  3  4 |
---------------+-------------+-----
Fighting       | 4 |  4.9
Long Blades    | 3 4 |  4.1
Armour         | |  3.6
Shields        | |  3.2

Action                   |  1- 3 |  4- 6 || total
-------------------------+-------+-------++-------
Melee: Long sword        |   123 |    63 ||   186
  Use: Scroll            |     2 |     1 ||     3
       Potion            |       |     3 ||     3
  Eat: Chunk             |     2 |     1 ||     3
Armor: Scale mail        |    61 |    33 ||    94
Dodge: Dodged            |    38 |    19 ||    57
Block: Kite shield       |    68 |    24 ||    92
       Rpst.: Long sword |     9 |     8 ||    17

Table legend:
 A = Non-vault XP
 B = Vault XP
 C = Vault XP percentage of total XP
 D = Non-vault monster count
 E = Vault monster count
 F = Vault count percentage of total count
                 A         B        C        D         E       F
            +---------+---------+-------+---------+---------+-------
      Total |      63 |      36 |  36.4 |      31 |      11 |  26.2
            +---------+---------+-------+---------+---------+-------
        D:1 |      19 |       0 |   0.0 |      13 |       0 |   0.0
        D:2 |      44 |      36 |  45.0 |      18 |      11 |  37.9
            +---------+---------+-------+---------+---------+-------
